AoeStats
← anmolmaly

Scandinavia

510544758Analyzed
1v1 RM · 16h ago on Oct 1, 2026· 34m 40s· 2 players
Game mode
Random Map
Map size
Tiny (2 player)
Population
200
Speed
Normal
Resources
Standard
Victory
Conquest
Starting age
Dark Age
Ending age
Imperial Age
RankedLock teamsTeams togetherTeam positionsShared explorationLock speedFull tech treeHidden civsTurbo modeCheats
Victory
Defeat
🇮🇳 Mongols · India
1674
+12
🇧🇷 Malians · Brazil
1584
-12
Shrubbles
6:27 Loom
11:13 Feudal Age
16:21 Castle Age
14:43 Double-Bit Axe
16:01 Town Watch
17:23 Medium Warships
18:17 Forging
25:04 Bow Saw
25:05 Horse Collar
26:04 Husbandry
26:15 Bloodlines
27:24 Gold Mining
28:12 Scale Barding Armor
29:41 Chain Barding Armor
29:56 Iron Casting
29:14 Fishing Lines
30:14 Fletching
30:24 Padded Archer Armor
34:24 Imperial Age
32:32 Wheelbarrow
32:37 Bodkin Arrow
32:57 Leather Archer Armor
33:25 Elite Skirmisher
anmolmaly
2:36 Loom
10:59 Feudal Age
11:44 Double-Bit Axe
14:39 Castle Age
13:25 Fishing Lines
13:40 Stone Mining
16:53 Bow Saw
17:09 Gillnets
17:04 Horse Collar
19:35 Fletching
22:13 Heavy Plow
24:15 Wheelbarrow
24:15 Bodkin Arrow
24:33 Gold Mining
25:23 Ballistics
29:39 Imperial Age
28:45 Padded Archer Armor
28:32 Town Watch
29:04 Hand Cart
30:15 Bloodlines
30:06 Husbandry
30:29 Thumb Ring
30:50 Parthian Tactics
31:00 Conscription
31:09 Bracer
32:41 Chemistry
Connection lost

Rejoining the realm…

Still unreachable

The connection could not be restored.

Session expired

The server has moved on; the page needs a fresh start.